 Dungeon Crawl Stone Soup version 0.26-a0-639-g72c4674329 (webtiles) character file.

Game seed: 13593381164053852940

(classic levelgen) 101 EnegeticOcto the Shield-Bearer (level 4, -8/42 HPs)
             Began as a Deep Dwarf Fighter on Sept 28, 2020.
             Blown up by Ijyb (25 damage)
             ... with a disintegration bolt
             ... on level 4 of the Dungeon.
             The game lasted 00:00:33 (804 turns).

EnegeticOcto the Shield-Bearer (Deep Dwarf Fighter)  Turns: 804, Time: 00:00:33

Health: -8/42      AC:  9    Str: 20    XL:     4   Next: 48%
Magic:  2/2        EV:  5    Int:  9    God:
Gold:   70         SH:  9    Dex: 12    Spells: 3/3 levels left

rFire    . . .     SeeInvis .   a - +0 war axe
rCold    . . .     Faith    .   c - +0 kite shield
rNeg     . . .     Spirit   .   l - +0 chain mail
rPois    .         Reflect  .   (no helmet)
rElec    .         Harm     .   (no cloak)
rCorr    .         Rampage  .   (no gloves)
MR       .....                  (no boots)
Stlth    ..........             (no amulet)
HPRegen  0.00/turn              (no ring)
MPRegen  0.08/turn              (no ring)

@: lethally poisoned (-8 -> -35), non-regenerating
A: damage resistance, heal wounds, sense surroundings 1, no regeneration
a: Heal Wounds


You were on level 4 of the Dungeon.
You visited 1 branch of the dungeon, and saw 4 of its levels.

You collected 70 gold pieces.

Inventory:

Hand Weapons
 a - a +0 war axe (weapon)
Armour
 b - a +0 scale mail
 c - a +0 kite shield (worn)
 l - a +0 chain mail (worn)
Scrolls
 f - 3 scrolls of identify {unknown}
 g - 2 scrolls of remove curse {unknown}
 h - a scroll of fear {unknown}
 k - a scroll of teleportation {unknown}
 m - a scroll of amnesia {unknown}
 p - a scroll of enchant armour {unknown}
Potions
 d - a potion of might {@q3}
 e - a potion of invisibility {unknown}
 i - a potion of stabbing {unknown}
 j - 2 potions of magic {unknown}
 n - a potion of flight {unknown}
 o - 3 potions of curing {unknown}


   Skills:
 + Level 3.2 Fighting
 * Level 3.7 Axes
 + Level 3.9 Armour
 + Level 3.9 Shields


You had 3 spell levels left.
You didn't know any spells.
Your spell library was empty.

Dungeon Overview and Level Annotations

Branches:
Dungeon (4/15)
 Temple: D:4-7

Altars:
The Shining One

Annotations:
D:4 Ijyb


Innate Abilities, Weirdness & Mutations

You are resistant to damage.
You can heal yourself by infusing magical energy.
You passively map a small area around you.
You do not regenerate.


Message History

You hit Ijyb.
Ijyb is moderately wounded.
Ijyb hits you but does no damage.
You are more poisoned.
Ijyb barely misses you.
You closely miss Ijyb.
Ijyb is moderately wounded.
Ijyb zaps a wand.
You struggle to resist.
You closely miss Ijyb.
Ijyb is moderately wounded.
Ijyb screams, "It's all mine!"
Ijyb hits you with a +0 dagger of venom.
You are more poisoned.
Ijyb barely misses you.
You hit Ijyb but do no damage.
Ijyb is moderately wounded.
You feel very sick. Ijyb hits you but does no damage.
You are more poisoned.
You miss Ijyb.
Ijyb is moderately wounded.
You feel very sick. Ijyb hits you but does no damage.
You are more poisoned.
Ijyb hits you but does no damage.
You are lethally poisoned!
You hit Ijyb.
Ijyb is heavily wounded.
You feel very sick.
Ijyb zaps a wand.
You are blasted!
You closely miss Ijyb.
Ijyb is heavily wounded.
You feel very sick. Ijyb hits you but does no damage.
You are more poisoned.
You are too injured to fight recklessly!
You are too injured to fight recklessly!
You are too injured to fight recklessly!
You are too injured to fight recklessly!
You are too injured to fight recklessly!
You are too injured to fight recklessly!
You are too injured to fight recklessly!
You are too injured to fight recklessly!
You are too injured to fight recklessly!
You are too injured to fight recklessly!
You are too injured to fight recklessly!
You are too injured to fight recklessly!
You are too injured to fight recklessly!
You are too injured to fight recklessly!
You feel much better.
You feel very sick. Ijyb hits you but does no damage.
You are lethally poisoned!
You feel much better.
You feel very sick. Ijyb hits you but does no damage.
You barely miss Ijyb.
Ijyb is heavily wounded.
You feel very sick. Ijyb hits you but does no damage. x2
You are more poisoned.
You hit Ijyb.
Ijyb is heavily wounded.
You feel very sick.
Ijyb drinks a potion.
Ijyb is healed!
You completely miss Ijyb.
You feel very sick.
Ijyb zaps a wand.
You are blasted!
You closely miss Ijyb.
* * * LOW HITPOINT WARNING * * *
You feel very sick. You block Ijyb's attack. Ijyb hits you but does no damage.
You are more poisoned.
You are too injured to fight recklessly!
You are too injured to fight recklessly!
You are too injured to fight recklessly!
You are too injured to fight recklessly!
You are too injured to fight recklessly!
You are too injured to fight recklessly!
You are too injured to fight recklessly!
You are too injured to fight recklessly!
You are too injured to fight recklessly!
You feel much better.
You feel very sick.
Ijyb screams, "It's all mine!"
Ijyb zaps a wand.
You struggle to resist.
Your magical essence is drained by the effort!
You feel much better.
You feel very sick.
Ijyb zaps a wand.
You are blasted!
You miss Ijyb.
You feel very sick. Ijyb hits you but does no damage.
You are lethally poisoned!
You slash Ijyb!
Ijyb is heavily wounded.
You feel very sick.
Ijyb zaps a wand.
You are blasted!
Ouch! That really hurt!
You die...

#.# * #.# #.# ####### #.#
* # #.....# #.# , ,
###.###.# #.# *
......#.###†##### ,*
###.#.........?.###.####*
, #
#.....#.....#.@g...... *
# ########...######.###.
# ##.## * ####### #>#
.)....# #.# , ..###.#
*#+# #.# * , , #.# *, , *
, #.## # , * , ,


You could see Ijyb.

Vanquished Creatures
  Jessica (D:3)
  3 adders
  2 worms
  2 leopard geckos
  5 orcs
  A goblin (D:3)
  6 hobgoblins
  4 jackals (D:3)
  2 bats
  3 frilled lizards
  4 kobolds
  3 rats
36 creatures vanquished.

Notes
Turn   | Place    | Note
-------+----------+-------------------------------------------
     0 | D:1      | EnegeticOcto the Deep Dwarf Fighter began the quest for the
                  | Orb.
     0 | D:1      | Reached XP level 1. HP: 20/20 MP: 1/1
   273 | D:1      | Reached XP level 2. HP: 22/27 MP: 2/2
   418 | D:2      | Found a glowing golden altar of the Shining One.
   499 | D:3      | Noticed Jessica
   522 | D:3      | Killed Jessica
   522 | D:3      | Reached XP level 3. HP: 20/34 MP: 2/2
   587 | D:3      | Reached XP level 4. HP: 42/42 MP: 3/3
   780 | D:4      | Noticed Ijyb
   804 | D:4      | Blown up by Ijyb

Illustrated notes

Levels and vault maps discovered:
D:1:      evilmike_arrival_plus, layout_basic, ashenzari_altar_1
D:2:      layout_basic, lemuel_crystal_altar, corexii_item_surrounded_by_moat,
          due_unseen_surprise
D:3:      layout_basic, uniq_jessica
D:4:      layout_loops_corners, uniq_eustachio, uniq_ijyb

Skill      XL: |  1  2 |
---------------+-------+-----
Fighting       | 3 |  3.2
Axes           | 3 |  3.7
Armour         | |  3.9
Shields        | |  3.9

Action                   |  1- 3 |  4- 6 || total
-------------------------+-------+-------++-------
Melee: War axe           |    61 |    32 ||    93
 Abil: Heal Wounds       |     2 |     5 ||     7
Armor: Scale mail        |    13 |       ||    13
       Chain mail        |    16 |    17 ||    33
Dodge: Dodged            |    18 |     4 ||    22
Block: Kite shield       |    35 |    11 ||    46

Table legend: (Time is in decaauts)
 A = Elapsed time spent in this place.
 B = Non-inter-level travel time spent in this place.
 C = Inter-level travel time spent in this place.
 D = Time resting spent in this place.
 E = Time spent auto-exploring this place.
 F = Levels seen in this place.
 G = Mean time per level.
                   A        B        C        D        E       F      G
               +--------+--------+--------+--------+--------+-----+--------+
         Total |    846 |    787 |     59 |      0 |    526 |   4 |  211.5 |
       Dungeon |    846 |    787 |     59 |      0 |    526 |   4 |  211.5 |
               +--------+--------+--------+--------+--------+-----+--------+

Top non-repeatable levels by time:
     D:1: 308 daAuts
     D:3: 230 daAuts
     D:2: 200 daAuts
     D:4: 108 daAuts
